 Dungeon Crawl Stone Soup version 0.31.0-9-g3a7656b989 (webtiles) character file.

Game seed: 12839540674922179560

169 Jase the Ruffian (level 5, -2/40 HPs)
             Began as a Draconian Shapeshifter on Jan 24, 2024.
             Was a Believer of Uskayaw.
             Slain by an orc
             ... wielding a +4 trident
              (9 damage)
             ... on level 4 of the Dungeon.
             The game lasted 00:08:01 (2343 turns).

Jase the Ruffian (Draconian Shapeshifter)           Turns: 2343, Time: 00:08:02

Health: -2/40      AC:  5    Str: 17    XL:     5   Next: 25%
Magic:  3/6        EV: 12    Int: 10    God:    Uskayaw [**....]
Gold:   163        SH:  0    Dex: 12    Spells: 4/4 levels left

rFire   . .          .
                       - Unarmed
rCold   . . .        (no shield)
rNeg    . . .        (body armour unavailable)
rPois   .            (helmet currently unavailable)
rElec   .            (cloak currently unavailable)
rCorr   .            (gloves currently unavailable)
SInv    .            k - melded +1 pair of boots {Fly}
Will    .....        (no amulet)
Stlth   +            (no ring)
HPRegen 0.26/turn    (no ring)
MPRegen 0.10/turn

%: no passive effects
@: beast-form
A: beast (slay +2), AC +5, unfitting armour, cold-blooded
a: Begin Untransformation, Renounce Religion, Stomp, Line Pass


You were on level 4 of the Dungeon.
You worshipped Uskayaw.
Uskayaw was noncommittal.
You were a hulking beast.
You visited 1 branch of the dungeon, and saw 4 of its levels.

You collected 163 gold pieces.

Inventory:

Missiles
 l - a throwing net (quivered)
 q - 19 stones
Armour
 k - a +1 pair of boots of flying (melded)
Talismans
 b - a beast talisman (active)
 c - a flux talisman
 m - a maw talisman
 n - a dragon-blood talisman
Scrolls
 g - 2 scrolls of fear {unknown}
 h - 2 scrolls of noise {unknown}
 i - a scroll of fog {unknown}
 j - 6 scrolls of identify {unknown}
 r - a scroll of enchant armour {unknown}
 s - a scroll of immolation {unknown}
 t - a scroll of vulnerability {unknown}
Potions
 a - 3 potions of lignification
 d - 3 potions of curing {unknown}
 e - a potion of ambrosia {unknown}
 f - 2 potions of brilliance {unknown}
 o - a potion of magic {unknown}
 p - a potion of degeneration {unknown}


   Skills:
 - Level 1.1 Fighting
 - Level 1.7 Dodging
 + Level 4.4 Unarmed Combat
 + Level 2.1 Invocations
 + Level 4.2 Shapeshifting


You had 4 spell levels left.
You didn't know any spells.
Your spell library was empty.

Dungeon Overview and Level Annotations

Branches:
Dungeon (4/15)
 Temple: D:4-7

Altars:
Uskayaw

Shops:
D:1 ===


Innate Abilities, Weirdness & Mutations

You are a hulking beast.
Your limbs bulge with bestial killing power. (Slay +2)
Your plain brown scales are hard. (AC +5)
You cannot fit into any form of body armour.
You are cold-blooded and may be slowed by cold attacks.


Message History

The orc closely misses you. The orc hits you with a +0 hand axe.
You closely miss the orc. You tail-slap the orc.
You kill the orc!
The orc closely misses you.
You punch the orc!
You kill the orc!
The orc barely misses you.
You hit the orc. You tail-slap the orc.
The orc is heavily wounded.
The orc barely misses you. The orc hits you with a +0 flail.
You can now pass through a line of other dancers.
You hit the bombardier beetle.
You tail-slap the bombardier beetle, but do no damage.
You punch the bombardier beetle.
The bombardier beetle is moderately wounded.
The orc hits you with a +4 trident. The orc hits you with a +0 flail.
The bombardier beetle barely misses you.
You hit the bombardier beetle. You tail-slap the bombardier beetle.
The bombardier beetle is heavily wounded.
The orc hits you with a +4 trident. The orc barely misses you.
You hit the bombardier beetle but do no damage.
The bombardier beetle is heavily wounded.
The orc barely misses you. The orc misses you.
The bombardier beetle misses you.
You hit the bombardier beetle.
The bombardier beetle is severely wounded.
The orc closely misses you. The orc barely misses you.
You completely miss the bombardier beetle.
The bombardier beetle is severely wounded.
The bombardier beetle bites you but does no damage.
The orc hits you with a +4 trident!
* * * LOW HITPOINT WARNING * * *
The orc hits you with a +0 flail.
* * * LOW HITPOINT WARNING * * *
You stomp with the beat, sending a shockwave through the revellers around you!
The orc is almost dead.
You kill the orc!
The bombardier beetle is almost dead.
The orc hits you with a +4 trident!
You die...

........#
#.......
.......
#..... ..#.
####..### .
#..))B..# ...
#...ho..##..#
#...##.....#
#.....<..#..
#.....†..##
#.$.#.#...#
#......##..#
#...##.# #...
#... #.. ....
##.. ...
....#


You could see a bombardier beetle and an orc.

Vanquished Creatures
  2 hounds (D:3)
  A gnoll (D:3)
  An adder (D:2)
  2 ribbon worms
  A dart slug (D:1)
  4 orcs (D:4)
  8 bats
  8 endoplasms
  2 giant cockroaches
  7 hobgoblins
  2 jackals (D:3)
  2 quokkas
  12 ball pythons
  11 frilled lizards
  7 goblins
  4 kobolds
  8 rats
82 creatures vanquished.

Notes
Turn   | Place    | Note
-------+----------+-------------------------------------------
     0 | D:1      | Jase the Draconian Shapeshifter began the quest for the
                  | Orb.
     0 | D:1      | Reached XP level 1. HP: 16/16 MP: 1/1
    25 | D:1      | Found Ytraych's Jewellery Shop.
   119 | D:1      | Found Banka's Jewellery Shop.
   147 | D:1      | Reached XP level 2. HP: 13/23 MP: 2/2
   198 | D:1      | Found Yson's Jewellery Emporium.
   698 | D:1      | Reached XP level 3. HP: 24/28 MP: 3/3
   968 | D:2      | Found a hide-covered altar of Uskayaw.
   977 | D:2      | Became a worshipper of Uskayaw the Reveller
  1001 | D:2      | Reached * piety under Uskayaw
  1009 | D:2      | Reached ** piety under Uskayaw
  1388 | D:2      | Reached XP level 4. HP: 35/35 MP: 4/4
  1584 | D:3      | Reached skill level 1 in Invocations
  2079 | D:3      | Reached *** piety under Uskayaw
  2082 | D:3      | Reached XP level 5. HP: 20/40 MP: 4/6
  2082 | D:3      | Reached **** piety under Uskayaw
  2343 | D:4      | Slain by an orc

Illustrated notes

Levels and vault maps discovered:
D:1:      psy_arrival_statuary, layout_basic, serial_shops, shop,
          nicolae_lakefront_shop, shop, skrybe_limestone_x,
          hangedman_decor_opposing, chequers_serial_rivers_small_b,
          minmay_misc_feat_x, chequers_mini_garden, serial_bayou_lake_a
D:2:      layout_loops_cross, basic_altar, chequers_serial_rivers_small_b
D:3:      layout_basic, cheibrodos_gnoll_hut
D:4:      layout_cave_pools, nicolae_gozag_cash_rules_everything_around_me,
          old_standard_altar, serial_shops, shop_statue, nicolae_shop_clearance,
          uniq_edmund, uniq_natasha

Skill      XL: |  1  2  3  4  5 |
---------------+----------------+-----
Unarmed Combat | 4 |  4.4
Invocations    | 1 2 |  2.1
Shapeshifting  | 4 |  4.2
Fighting       | |  1.1
Dodging        | |  1.7

Action                     |  1- 3 |  4- 6 || total
---------------------------+-------+-------++-------
  Melee: Unarmed           |   121 |    66 ||   187
         Tailslap          |    13 |    16 ||    29
         Punch             |       |     1 ||     1
 Invoke: Stomp             |       |     1 ||     1
Ability: Begin Untransform |       |     1 ||     1
   Stab: Sleeping          |     1 |       ||     1
         Paralysed         |       |     2 ||     2
 Armour: Skin              |    48 |    39 ||    87
  Dodge: Dodged            |    81 |    46 ||   127
   Form: Beast             |       |     1 ||     1
